 Dungeon Crawl Stone Soup version 0.17.1-3-g152610e (webtiles) character file.

1449 Jerry the Summoner (level 8, -4/52 HPs)
             Began as a Mummy Summoner on Apr 3, 2016.
             Was an Initiate of Sif Muna.
             Shot with a sling bullet by Joseph (13 damage)
             ... on level 7 of the Dungeon.
             The game lasted 01:43:44 (9520 turns).

Jerry the Summoner (Mummy Summoner)                 Turns: 9520, Time: 01:43:44

Health: -4/52      AC:  7    Str: 11    XL:     8   Next: 46%
Magic:  8/14       EV: 13    Int: 20    God:    Sif Muna [......]
Gold:   238        SH:  0    Dex: 13    Spells: 3 memorised, 7 levels left

rFire  x . .     SeeInvis .     t - +1 halberd
rCold  + . .     Clarity  .     a - +0 robe
rNeg   + + +     SustAt   .     (shield currently unavailable)
rPois  ∞         Gourm    .     (no helmet)
rElec  .         Spirit   .     (no cloak)
rCorr  .         Warding  .     o - +1 pair of gloves
rMut   .         Stasis   .     f - +2 pair of boots
MR     +....                    (no amulet)
Stlth  +++.......               n - ring of stealth
                                i - +4 ring of intelligence

@: somewhat resistant to hostile enchantments, fairly stealthy
A: no food or potions, fire vulnerability, cold resistance 1, negative energy
resistance 3, torment resistance, unbreathing
a: Renounce Religion


You were on level 7 of the Dungeon.
You worshipped Sif Muna.
Sif Muna was noncommittal.
You were not hungry.

You visited 2 branches of the dungeon, and saw 9 of its levels.
You also visited: Ossuary.

You collected 335 gold pieces.
You spent 97 gold pieces at shops.

Inventory:

Hand Weapons
 t - a +1 halberd (weapon)
Armour
 a - a +0 robe (worn)
 f - a +2 pair of boots (worn)
 o - a +1 pair of gloves (worn)
Jewellery
 i - a +4 ring of intelligence (left hand)
 n - a ring of stealth (right hand)
 u - an uncursed ring of ice
Wands
 g - a wand of hasting (3)
 k - a wand of fire (14)
 r - a wand of fire (9)
 v - a wand of paralysis (9)
Scrolls
 c - 3 scrolls of teleportation
 e - 3 scrolls of noise
 h - 6 scrolls of identify
 j - 5 scrolls of remove curse
 l - a scroll of recharging
 p - a scroll of immolation
Books
 b - a book of Callings

   Spells                             Type                      Level
   a - Summon Small Mammal            Summoning                    1
   b - Call Imp                       Summoning                    2
   c - Call Canine Familiar           Summoning                    3
   d - Summon Guardian Golem          Hexes/Summoning              3
   e - Summon Lightning Spire         Summoning/Air                4
   f - Summon Ice Beast               Ice/Summoning                4
 d - a book of Geomancy

   Spells                             Type                      Level
   a - Sandblast                      Earth                        1
   b - Stoneskin                      Transmutation/Earth          2
   c - Passwall                       Transmutation/Earth          3
   d - Stone Arrow                    Conjuration/Earth            3
   e - Petrify                        Transmutation/Earth          4
   f - Lee's Rapid Deconstruction     Earth                        5


   Skills:
 - Level 3.1 Dodging
 - Level 1.5 Stealth
 + Level 4.2 Spellcasting
 + Level 8.3 Summonings


You had 7 spell levels left.
You knew the following spells:

 Your Spells              Type           Power        Failure   Level  Hunger
b - Call Imp              Summ           #####...     1%          2    N/A
c - Call Canine Familiar  Summ           #####...     1%          3    N/A
d - Summon Guardian Gole  Hex/Summ       ###.....     10%         3    N/A

Dungeon Overview and Level Annotations

Branches:
Dungeon (8/15)             Temple (1/1) D:4            Lair (0/8) D:8

Altars:
Ashenzari
Cheibriados
Dithmenos
Elyvilon
Fedhas
Gozag
Kikubaaqudgha
Makhleb
Nemelex Xobeh
Okawaru
Ru
Sif Muna
Trog
Vehumet
Xom
Yredelemnul
Zin
The Shining One

Shops:
D:5 :   D:6 ?

Annotations:
D:7 Joseph


Innate Abilities, Weirdness & Mutations

You do not eat or drink.
Your flesh is vulnerable to fire.
You are immune to poison.
Your flesh is cold resistant.
You are immune to negative energy.
You are immune to unholy pain and torment.
You can survive without breathing.


Message History

Things that are here:
a dagger; a robe; an orc skeleton Your crimson imp blinks!
The orc warrior zaps a wand.
You easily resist.
Your crimson imp blinks!
Your wolf barely misses the orc warrior.
Your crimson imp hits the orc warrior but does no damage.
The orc priest looks braver for a moment.
There is a stone staircase leading up here.
You climb upwards.
Level annotation: Joseph
There is a stone staircase leading down here.
You start resting.
There is a stone staircase leading down here.
Joseph shouts!
Joseph shoots a sling bullet.
The sling bullet hits you!
* * * LOW HITPOINT WARNING * * *
You see here a sling bullet.
Joseph shoots a sling bullet.
The sling bullet hits you!
You die...

#######
##########)<@.(######
#.........)..#....@.#
####.........<.D..####.#
#............###.##
##.## ## #.##..######.#
#.# ##>#.## #. #.##..#
#.###.###.###.######.
##.##..# #.......@##
##....... .h.##..#
#####...#.###.####.#.
#####..# #.#D##.#.##
#.#.


You could see Joseph and a steam dragon (wandering).

Vanquished Creatures
  A sky beast (D:5)
  An orc warrior (D:7)
  A necrophage (D:8)
  2 crimson imps
  Jessica (D:3)
  An adder (D:2)
  A shadow imp (D:6)
  An adder zombie (D:6)
  2 worms
  3 giant geckos
  2 orcs (D:3)
  11 bats
  2 giant cockroaches
  5 goblins
  3 hobgoblins
  3 jackals
  5 kobolds
  4 rats
49 creatures vanquished.

Vanquished Creatures (collateral kills)
  A water moccasin (D:7)
  Menkaure (D:7)
  2 hungry ghosts
  2 ice beasts
  A sky beast (D:5)
  A black bear (D:7)
  2 ogres (D:5)
  A centaur (D:8)
  2 giant frogs
  3 scorpions
  4 wights
  2 crimson imps (D:5)
  3 iguanas
  A giant frog zombie (D:7)
  An orc priest (D:3)
  2 jellies
  2 orc wizards
  A centaur skeleton (D:7)
  2 giant frog skeletons
  5 worker ants
  5 mummies (Ossuary)
  6 adders
  4 gnolls (D:4)
  A shadow imp (D:6)
  2 oozes
  An adder skeleton (D:5)
  2 worms
  16 orcs
  2 jackals (D:1)
  4 quokkas
  3 bats (D:1)
  3 giant geckos
  A giant gecko skeleton (D:4)
  2 giant newts
  2 goblins (D:1)
  5 kobolds
  A quokka skeleton (D:4)
  A rat (D:1)
100 creatures vanquished.

Grand Total: 149 creatures vanquished

Notes
Turn   | Place    | Note
--------------------------------------------------------------
     0 | D:1      | Jerry the Mummy Summoner began the quest for the Orb.
     0 | D:1      | Reached XP level 1. HP: 13/13 MP: 3/3
     0 | D:1      | Noticed a merfolk skeleton
     2 | D:1      | Noticed a human skeleton
     4 | D:1      | Noticed a human skeleton
     5 | D:1      | Noticed a draconian skeleton
    12 | D:1      | Noticed an elf skeleton
    12 | D:1      | Noticed a spriggan skeleton
    16 | D:1      | Noticed an elf skeleton
   417 | D:1      | Reached XP level 2. HP: 19/19 MP: 1/5
  1352 | D:2      | Learned a level 2 spell: Call Imp
  1423 | D:2      | Reached XP level 3. HP: 24/24 MP: 6/6
  1905 | D:3      | Found a faded altar to an unknown god.
  2132 | D:3      | Noticed Jessica
  2143 | D:3      | Killed Jessica
  2143 | D:3      | Reached skill level 4 in Summonings
  2143 | D:3      | Reached XP level 4. HP: 30/30 MP: 2/7
  2770 | D:3      | Learned a level 3 spell: Call Canine Familiar
  2832 | D:4      | Found a staircase to the Ecumenical Temple.
  2840 | Temple   | Entered the Ecumenical Temple
  3068 | D:4      | Reached XP level 5. HP: 35/35 MP: 0/9
  3168 | D:4      | Found an iron altar of Okawaru.
  3818 | D:5      | Entered Level 5 of the Dungeon
  3939 | D:5      | Noticed a sky beast
  4102 | D:5      | Killed a sky beast
  4405 | D:5      | Found a burning altar of Makhleb.
  4416 | D:5      | Reached XP level 6. HP: 41/41 MP: 5/11
  4478 | D:5      | Noticed an ice beast
  4495 | D:5      | Killed an ice beast
  4495 | D:5      | Reached skill level 5 in Summonings
  4718 | D:5      | Noticed an ogre
  4725 | D:5      | Killed an ogre
  4790 | D:5      | Noticed an ogre
  4807 | D:5      | Killed an ogre
  5135 | D:5      | Found Pijynev's Book Emporium.
  5148 | D:5      | Reached skill level 6 in Summonings
  5148 | D:5      | Reached XP level 7. HP: 46/46 MP: 10/13
  5271 | D:5      | Learned a level 3 spell: Summon Guardian Golem
  5309 | D:6      | Found a blossoming altar of Fedhas.
  5312 | D:6      | Found a shattered altar of Ashenzari.
  5315 | D:6      | Found an ancient bone altar of Kikubaaqudgha.
  5318 | D:6      | Found a shimmering altar of Xom.
  5348 | D:6      | Found a sand-covered staircase.
  5385 | D:6      | HP: 2/46 [wight/dire flail (12)]
  5938 | D:6      | Found Karuatwi's Magic Scroll Shop.
  5975 | Ossuary  | Entered an ossuary
  6571 | D:6      | Bought a scroll of enchant armour for 97 gold pieces
  7378 | D:7      | Reached skill level 7 in Summonings
  8084 | D:7      | Reached XP level 8. HP: 52/52 MP: 4/14
  8383 | D:7      | Noticed Menkaure
  8409 | D:7      | Killed Menkaure
  8496 | D:7      | Noticed Joseph
  8855 | D:6      | Reached skill level 8 in Summonings
  9190 | D:8      | Found a deep blue altar of Sif Muna.
  9317 | D:8      | Became a worshipper of Sif Muna the Loreminder
  9396 | D:8      | Found a staircase to the Lair.
  9520 | D:7      | Shot with a sling bullet by Joseph

Action                   |  1- 3 |  4- 6 |  7- 9 || total
-------------------------+-------+-------+-------++-------
Melee: Unarmed           |    12 |       |       ||    12
       Short sword       |    78 |    34 |    12 ||   124
       Halberd           |       |       |    29 ||    29
 Cast: Summon Small Mamm |    21 |     5 |       ||    26
       Call Imp          |    11 |    45 |    82 ||   138
       Call Canine Famil |       |    15 |    45 ||    60
       Summon Guardian G |       |       |     5 ||     5
Evoke: Wand              |       |       |     2 ||     2
  Use: Scroll            |       |       |    18 ||    18
 Stab: Sleeping          |     3 |       |       ||     3
       Distracted        |       |     1 |       ||     1
       Paralysed         |       |       |     1 ||     1
